 Dungeon Crawl Stone Soup version 0.25-a0-1133-g93ebf739aa (webtiles) character file.

Game seed: 15176217281204594319, levelgen mode: deterministic

11066 Maedhros the Nimble (level 11, -9/80 HPs)
             Began as an Octopode Artificer on May 21, 2020.
             Was an Elder of Cheibriados.
             Mangled by an entropy weaver (10 damage)
             ... in a Gauntlet.
             The game lasted 00:39:33 (4878 turns).

Maedhros the Nimble (Octopode Artificer)            Turns: 4878, Time: 00:39:34

Health: -9/80      AC:  1    Str: 19    XL:     11   Next: 71%
Magic:  6/14       EV: 27    Int: 26    God:    Cheibriados [****..]
Gold:   454        SH:  0    Dex: 27    Spells: 10/10 levels left

rFire    . . .     SeeInvis .     - Unarmed
rCold    + . .     Gourm    .   (no shield)
rNeg     . . .     Faith    .   (helmet restricted)
rPois    .         Spirit   .   (no amulet)
rElec    .         Reflect  .   b - ring "Eshib" {Wiz Str-2 Int+3 Dex+3}
rCorr    .         Harm     .   w - ring of protection from cold
MR       .....     NoTele   +   (no ring)
Stlth    +++++.....             (no ring)
HPRegen  0.23/turn              (no ring)
MPRegen  0.14/turn              (no ring)
                                (no ring)
                                (no ring)

@: very slow
A: almost no armour, stealthy swim, amphibious, 8 rings, constrict 8, camouflage
1, gelatinous body 1
a: Bend Time, Temporal Distortion, Slouch, Renounce Religion


You were in a Gauntlet.
You worshipped Cheibriados.
Cheibriados was greatly pleased with you.
You were very hungry.

You visited 2 branches of the dungeon, and saw 13 of its levels.
You also visited: Gauntlet.

You collected 454 gold pieces.

Inventory:

Hand Weapons
 a - a cursed -1 arbalest
 m - a +1 flail of protection
Missiles
 t - 7 atropa-tipped darts (quivered)
 u - 37 poisoned darts
Jewellery
 b - the ring "Eshib" (left tentacle) {Wiz Str-2 Int+3 Dex+3}
   (You found it on level 7 of the Dungeon)

   [ring of wizardry]

   It improves your spell success rate.
   It affects your strength (-2).
   It affects your intelligence (+3).
   It affects your dexterity (+3).
 w - a ring of protection from cold (right tentacle)
 A - an uncursed ring of teleportation
Wands
 c - a wand of acid (4)
 h - a wand of digging (4)
 n - a wand of paralysis (2)
 o - a wand of flame (16)
 y - a wand of polymorph (9)
Scrolls
 e - 2 scrolls of enchant armour {unknown}
 i - 2 scrolls of vulnerability {unknown}
 j - 4 scrolls of magic mapping {unknown}
 k - 5 scrolls of enchant weapon
 l - 3 scrolls of teleportation
 q - 3 scrolls of remove curse
 r - 2 scrolls of blinking {unknown}
 s - 2 scrolls of immolation {unknown}
 v - a scroll of torment
 z - 2 scrolls of amnesia
 B - a scroll of fog {unknown}
Potions
 d - 4 potions of curing
 g - 3 potions of flight
 p - 5 potions of magic
 x - a potion of resistance
 C - a potion of heal wounds
Comestibles
 f - 15 rations


   Skills:
 - Level 9.2 Fighting
   Level 1.0 Short Blades
 + Level 12.4 Dodging
 * Level 6.1 Stealth
 - Level 10.1 Unarmed Combat
 * Level 3.3 Invocations
 + Level 4.1 Evocations


You had 10 spell levels left.
You didn't know any spells.
Your spell library contained the following spells:

 Spells                   Type           Power        Failure   Level  Hunger
 Bolt of Magma            Conj/Fire/Erth #.........   77%         5    ######.
 Iskenderun's Battlesphe  Conj/Chrm      #.......     77%         5    ######.
 Iron Shot                Conj/Erth      #.........   99%         6    #######
 Orb of Destruction       Conj           #.........   100%        7    #######
 Spellforged Servitor     Conj/Summ      #.........   100%        7    #######


Dungeon Overview and Level Annotations

Branches:
Dungeon (12/15)            Temple (1/1) D:7            Lair (0/6) D:11
Gauntlet (1/1)
    Orc: D:9-12

Altars:
Ashenzari
Cheibriados
Dithmenos
Fedhas
Makhleb
Okawaru

Shops:
D:8 !

Annotations:
D:5 Edmund Gauntlet 7 transporters


Innate Abilities, Weirdness & Mutations

You cannot wear most types of armour.
You are very stealthy in the water. (Stealth+)
You are amphibious.
You can wear up to eight rings at the same time.
You can use your tentacles to constrict eight enemies at once.
Your skin changes colour to match your surroundings (Stealth+).
Your rubbery body absorbs attacks. (AC +1, EV +1)


Message History

The entropy weaver hits you! The entropy weaver hits you. x2
You can feel time thicken for a moment.
You kill the jumping spider!
Cheibriados thoroughly appreciates the change of pace.
Cheibriados raises the support of your attributes as your movement slows.
Your Stealth skill increases to level 6!
You feel somewhat more hungry.
Cheibriados lowers the support of your attributes as your movement quickens.
The entropy weaver misses you. The entropy weaver hits you!
* * * LOW HITPOINT WARNING * * *
The entropy weaver hits you!
* * * LOW HITPOINT WARNING * * *
The entropy weaver completely misses you.
Okay, then.
You feel much better. The entropy weaver hits you!
* * * LOW HITPOINT WARNING * * *
The entropy weaver hits you!
* * * LOW HITPOINT WARNING * * *
The entropy weaver hits you!
You die...

≈#≈#≈#≈#≈#≈#§#≈
...§.§..................
........................
#########..###########.§#
^.......#..#...^≈...)#.§≈
##..^##.#..#≈≈≈.≈≈.≈≈#.§##
.##.##..#..#..≈≈..≈..#..≈
..#.#...####....≈≈^≈.#..##
...©#..§#©©#.≈≈.@≈..©#..≈#
..#.#...####≈.≈a≈≈^.)#..## .#
.##.##^.#..#≈..≈..≈^≈#..≈# ..#
##^.^##.#..#.≈≈..≈≈≈.#..###...
........#..#...≈≈...[#..#....#
#########..###########..#©...#
........................#.....
......................∩.#....#
..#########..#########..#©...#


You could see an entropy weaver.

Vanquished Creatures
  A death ooze (Gauntlet)
  A two-headed ogre (D:11)
  Nergalle (D:10)
  Maggie (D:6)
  A cyclops (D:11)
  A gargoyle (D:11)
  An ice devil (Gauntlet)
  A troll (D:9)
  A jumping spider (Gauntlet)
  A hippogriff (D:12)
  A wraith (D:11)
  2 wyverns
  A hungry ghost (D:8)
  8 yaks
  Menkaure (D:6)
  3 orc warriors
  2 sky beasts
  2 necrophages
  2 phantoms
  6 ogres
  6 centaurs
  4 big kobolds
  2 bullfrogs
  A gnoll sergeant (D:10)
  4 scorpions
  2 howler monkeys
  7 wights
  2 bullfrog zombies
  3 crimson imps
  A quasit (D:7)
  8 hounds
  A centaur skeleton (D:12)
  2 orc priests (D:11)
  2 jellies
  2 bullfrog skeletons
  8 orc wizards
  4 iguanas
  8 worker ants
  A hound skeleton (D:9)
  8 gnolls
  7 adders
  A shadow imp (D:9)
  3 white imps (Gauntlet)
  2 oozes
  3 adder skeletons
  A worm (D:2)
  2 dart slugs
  10 leopard geckos
  19 orcs
  2 ball pythons
  A bat zombie (D:3)
  3 giant cockroaches
  6 hobgoblins
  4 jackals
  A quokka (D:4)
  A ball python skeleton (D:4)
  8 bats
  7 frilled lizards
  4 goblins
  A jackal skeleton (D:5)
  18 kobolds
  A leopard gecko skeleton (D:5)
  6 rats
  A rat zombie (D:3)
226 creatures vanquished.

Vanquished Creatures (collateral kills)
  A yak (D:9)
  An orc warrior (D:6)
  A sky beast (D:8)
  An ogre (D:6)
  A bullfrog (D:6)
  A wight (D:8)
  2 orc wizards
  An orc priest (D:8)
  3 orcs
  An adder (D:6)
  A giant cockroach (D:6)
  A jackal (D:9)
  A quokka (D:4)
  A leopard gecko zombie (D:6)
  A quokka zombie (D:6)
18 creatures vanquished.

Vanquished Creatures (others)
  A sky beast (D:9)
  A black bear (D:6)
  A centaur (D:8)
  An orc wizard (D:6)
  An orc (D:6)
5 creatures vanquished.

Grand Total: 249 creatures vanquished

Notes
Turn   | Place    | Note
-------+----------+-------------------------------------------
     0 | D:1      | Maedhros the Octopode Artificer began the quest for the
                  | Orb.
     0 | D:1      | Reached XP level 1. HP: 13/13 MP: 3/3
    25 | D:2      | Reached XP level 2. HP: 18/18 MP: 4/4
   205 | D:4      | Reached skill level 1 in Unarmed Combat
   205 | D:4      | Reached XP level 3. HP: 16/23 MP: 5/5
   209 | D:4      | Reached XP level 4. HP: 20/28 MP: 6/6
   255 | D:4      | Reached XP level 5. HP: 10/33 MP: 7/7
   308 | D:5      | Entered Level 5 of the Dungeon
   394 | D:6      | Noticed an ogre
   404 | D:6      | Noticed an ogre
   412 | D:6      | Killed an ogre
   412 | D:6      | Reached XP level 6. HP: 31/38 MP: 8/8
   415 | D:6      | Reached skill level 5 in Unarmed Combat
   417 | D:6      | Noticed Menkaure
   426 | D:6      | Killed Menkaure
   447 | D:6      | Noticed a black bear
   455 | D:7      | Noticed an orc warrior
   476 | D:6      | Noticed Maggie
   478 | D:6      | Noticed an orc warrior
   496 | D:6      | Killed an orc warrior
   496 | D:6      | Reached XP level 7. HP: 9/43 MP: 9/9
   502 | D:6      | Killed Maggie
   665 | D:5      | Reached skill level 3 in Dodging
   999 | D:5      | Noticed Edmund
  1066 | D:6      | Reached XP level 8. HP: 41/52 MP: 10/10
  1123 | D:6      | Reached skill level 4 in Dodging
  1247 | D:6      | Reached skill level 8 in Dodging
  1247 | D:6      | Reached skill level 10 in Unarmed Combat
  1247 | D:6      | Reached XP level 9. HP: 51/66 MP: 11/11
  1389 | D:7      | Found a shattered altar of Ashenzari.
  1560 | D:7      | Found a staircase to the Ecumenical Temple.
  1605 | D:7      | Got a scintillating ivory ring
  1606 | D:7      | Identified the ring "Eshib" {Wiz Str-2 Int+3 Dex+3} (You
                  | found it on level 7 of the Dungeon)
  1834 | D:8      | Found Neunn's Distillery.
  2018 | D:8      | Reached skill level 9 in Dodging
  2038 | D:8      | Reached XP level 10. HP: 45/73 MP: 12/12
  2134 | D:8      | Found a shadowy altar of Dithmenos.
  2366 | Temple   | Entered the Ecumenical Temple
  2372 | Temple   | Became a worshipper of Cheibriados the Contemplative
  2648 | D:2      | Found a faded altar of an unknown god.
  2782 | D:1      | Reached * piety under Cheibriados
  3239 | D:3      | Reached ** piety under Cheibriados
  3551 | D:9      | Reached skill level 10 in Dodging
  3648 | D:9      | Found an iron altar of Okawaru.
  3683 | D:9      | Reached *** piety under Cheibriados
  3849 | D:10     | Entered Level 10 of the Dungeon
  3876 | D:10     | Noticed Nergalle
  3943 | D:10     | Killed Nergalle
  3943 | D:10     | Reached skill level 11 in Dodging
  3943 | D:10     | Reached XP level 11. HP: 75/79 MP: 13/13
  4073 | D:11     | Noticed a cyclops
  4074 | D:11     | Noticed a red ugly thing
  4079 | D:11     | Reached **** piety under Cheibriados
  4137 | D:11     | Found a staircase to the Lair.
  4255 | D:11     | Noticed a cyclops
  4266 | D:11     | Killed a cyclops
  4280 | D:11     | Noticed a two-headed ogre
  4328 | D:11     | Noticed a manticore
  4344 | D:11     | Reached skill level 12 in Dodging
  4548 | D:11     | Killed a two-headed ogre
  4548 | D:11     | Reached skill level 1 in Invocations
  4584 | D:12     | Found a gate leading to a gauntlet.
  4611 | D:12     | Reached skill level 5 in Stealth
  4615 | D:12     | Reached ***** piety under Cheibriados
  4639 | Gauntlet | Entered a Gauntlet
  4639 | Gauntlet | Found a transporter.
  4639 | Gauntlet | Found a transporter.
  4639 | Gauntlet | Found a transporter.
  4640 | Gauntlet | Found a transporter.
  4643 | Gauntlet | Found a transporter.
  4644 | Gauntlet | Found a transporter.
  4654 | Gauntlet | Noticed a tengu warrior
  4656 | Gauntlet | Noticed a wizard
  4660 | Gauntlet | Found a transporter.
  4661 | Gauntlet | Found a transporter.
  4663 | Gauntlet | Found a transporter.
  4664 | Gauntlet | Found a transporter.
  4665 | Gauntlet | Noticed a death ooze
  4666 | Gauntlet | Noticed a glowing orange brain
  4675 | Gauntlet | Noticed a purple ugly thing
  4676 | Gauntlet | Noticed a red ugly thing
  4677 | Gauntlet | Found a transporter.
  4677 | Gauntlet | Noticed an entropy weaver
  4678 | Gauntlet | Found a transporter.
  4861 | Gauntlet | Killed a death ooze
  4878 | Gauntlet | HP: 1/80 [entropy weaver (14)]
  4878 | Gauntlet | Mangled by an entropy weaver

Illustrated notes

Levels and vault maps discovered:
D:1:      lemuel_arrival_cross, layout_basic, serial_rivers,
          chequers_serial_rivers_room_a, chequers_serial_rivers_micro_b,
          chequers_serial_rivers_small_a, chequers_serial_rivers_marsh,
          chequers_serial_rivers_room_b, chequers_serial_rivers_micro_a,
          minmay_pentomino_t2
D:2:      layout_loops_cross, chequers_ecumenical_altar_island
D:3:      layout_loops_cross, lemuel_zombie_altar_kikubaaqudgha,
          gammafunk_temple_overflow_statue, uniq_natasha, uniq_jessica
D:4:      layout_rooms, first_ration, minmay_diced_spiral
D:5:      layout_rooms, lemuel_crystal_altar, uniq_edmund
D:6:      layout_gridville, minivault_4, minmay_lizard_king, uniq_maggie,
          uniq_menkaure
D:7:      minmay_chambers_of_sevens, layout_cave_pods,
          nicolae_ashenzari_panopticon, minmay_temple_entry_from_below_a
D:8:      layout_basic, nicolae_dithmenos_through_a_glass_darkly, serial_shops,
          kennysheep_little_box
D:9:      layout_rooms, kennysheep_okawaru_gauntlet, david_orc_4
D:10:     layout_small_grid, uniq_nergalle
D:11:     layout_roguey, lair_entry_dummy
D:12:     layout_small_grid, gauntlet_entry_generic, grunt_pizzeria
Temple:   eino_wide_crystal_templ
Gauntlet: minmay_gauntlet_mixed_big_or_small [nicolae_gauntlet_arena_t_cross,
          minmay_gauntlet_arena_77_double_cross,
          gammafunk_gauntlet_arena_split_x,
          minmay_gauntlet_arena_77_radiant_squares,
          nicolae_gauntlet_arena_flowing_pool,
          minmay_gauntlet_arena_77_checkered, gauntlet_exit_green]

Skill      XL: |  1  2  3  4  5  6  7  8  9 10 11 |
---------------+----------------------------------+-----
Stealth        | 3 4 6 |  6.1
Unarmed Combat | 1 2 3 4 6 10 | 10.1
Fighting       | 3 8 9 |  9.2
Dodging        | 3 8 9 11 12 | 12.4
Invocations    | 3 |  3.3
Evocations     | 4 |  4.1
Short Blades   | |  1.0

Action                   |  1- 3 |  4- 6 |  7- 9 | 10-12 || total
-------------------------+-------+-------+-------+-------++-------
Melee: Short sword       |    19 |    27 |     9 |       ||    55
       Constrict         |     4 |     8 |    33 |    67 ||   112
       Tentacles         |     1 |     8 |    42 |   102 ||   153
       Unarmed           |       |       |   158 |   353 ||   511
       Punch             |       |       |    10 |    62 ||    72
Invok: Slouch            |       |       |       |     2 ||     2
Evoke: Wand              |     7 |    24 |    23 |    11 ||    65
  Use: Scroll            |       |     4 |     3 |    10 ||    17
       Potion            |       |     1 |     4 |     5 ||    10
 Stab: Sleeping          |     2 |     1 |     2 |    26 ||    31
       Betrayed ally     |       |       |     1 |       ||     1
       Paralysed         |       |       |     6 |     7 ||    13
       Distracted        |       |       |     1 |     2 ||     3
       Invisible         |       |       |       |     5 ||     5
  Eat: Chunk             |       |       |     4 |     7 ||    11
Armor: Skin              |     2 |     2 |     5 |     7 ||    16
Dodge: Dodged            |    14 |    18 |   125 |   319 ||   476

Table legend:
 A = Non-vault XP
 B = Vault XP
 C = Vault XP percentage of total XP
 D = Non-vault monster count
 E = Vault monster count
 F = Vault count percentage of total count
                 A         B        C        D         E       F
            +---------+---------+-------+---------+---------+-------
      Total |   11229 |    3105 |  21.7 |     220 |      25 |  10.2
            +---------+---------+-------+---------+---------+-------
        D:1 |      30 |       0 |   0.0 |      17 |       0 |   0.0
        D:2 |     118 |       0 |   0.0 |      25 |       0 |   0.0
        D:3 |     230 |       3 |   1.3 |      16 |       2 |  11.1
        D:4 |     219 |      55 |  20.1 |       9 |       4 |  30.8
        D:5 |     314 |       0 |   0.0 |      10 |       0 |   0.0
        D:6 |     581 |     350 |  37.6 |      19 |      11 |  36.7
        D:7 |     595 |      46 |   7.2 |      16 |       1 |   5.9
        D:8 |    2225 |       0 |   0.0 |      28 |       0 |   0.0
        D:9 |    2213 |       0 |   0.0 |      24 |       0 |   0.0
       D:10 |     802 |     847 |  51.4 |      19 |       1 |   5.0
       D:11 |    3472 |       0 |   0.0 |      33 |       0 |   0.0
       D:12 |     430 |       0 |   0.0 |       4 |       0 |   0.0
   Gauntlet |       0 |    1804 | 100.0 |       0 |       6 | 100.0
            +---------+---------+-------+---------+---------+-------
